 Dungeon Crawl Stone Soup version 0.25.1-8-g42b30a86e7 (webtiles) character file.

Game seed: 16732541509849051191

326 Destapler the Slasher (level 6, -6/48 HPs)
             Began as a Human Monk on Dec 11, 2020.
             Was a Believer of Wu Jian.
             Mangled by an orc
             ... wielding a +0 falchion
              (8 damage)
             ... on level 4 of the Dungeon.
             The game lasted 00:12:22 (5690 turns).

Destapler the Slasher (Human Monk)                  Turns: 5690, Time: 00:12:22

Health: -6/48      AC:  2    Str: 10 (11) XL:     6   Next: 79%
Magic:  6/6        EV: 14    Int: 10      God:    Wu Jian [**....]
Gold:   217        SH:  0    Dex: 18      Spells: 5/5 levels left

rFire    . . .     SeeInvis .   a - +0 falchion
rCold    . . .     Gourm    .   (no shield)
rNeg     . . .     Faith    .   b - +0 robe
rPois    +         Spirit   .   (no helmet)
rElec    .         Reflect  .   (no cloak)
rCorr    .         Harm     .   (no gloves)
MR       .....                  (no boots)
Stlth    ++........             f - amulet of the acrobat
HPRegen  0.00/turn              (no ring)
MPRegen  0.10/turn              (no ring)

@: no status effects
A: deterioration 1, poison resistance, inhibited regeneration, evolution 1
a: Wall Jump, Renounce Religion


You were on level 4 of the Dungeon.
You worshipped Wu Jian.
Wu Jian was pleased with you.
You were very hungry.

You visited 1 branch of the dungeon, and saw 4 of its levels.

You collected 217 gold pieces.

Inventory:

Hand Weapons
 a - a +0 falchion (weapon)
Missiles
 i - 4 poisoned darts (quivered)
Armour
 b - a +0 robe (worn)
 h - a +0 tower shield
Jewellery
 f - an amulet of the acrobat (around neck)
Scrolls
 d - a scroll of fear
 g - 2 scrolls of teleportation
 k - a scroll of magic mapping
 l - a scroll of amnesia {unknown}
 m - 2 scrolls of identify
Potions
 j - a potion of stabbing
 p - a potion of lignification
 v - a potion of invisibility
Comestibles
 c - 7 rations


   Skills:
 + Level 3.9 Fighting
 + Level 6.0 Long Blades
 - Level 3.0 Dodging
 - Level 2.0 Stealth
 + Level 2.3 Shields


You had 5 spell levels left.
You didn't know any spells.
Your spell library was empty.

Dungeon Overview and Level Annotations

Branches:
Dungeon (4/15)             Temple (0/1) D:4

Altars:
Makhleb
Vehumet
Wu Jian


Innate Abilities, Weirdness & Mutations

Your body sometimes deteriorates upon taking damage.
Your system is resistant to poisons. (rPois)
You do not regenerate when monsters are visible.
You evolve.


Message History

The orc hits you from afar with a +0 trident.
* * * LOW HITPOINT WARNING * * *
You hit the orc wizard.
You kill the orc wizard!
The Council accepts your kill.
You feel your intelligence returning. The orc misses you.
You hit the orc.
The orc is moderately wounded.
The orc hits you with a +0 flail.
* * * LOW HITPOINT WARNING * * *
You slash the orc!
You kill the orc!
The Council accepts your kill.
You barely miss the orc. The orc hits you with a +0 falchion.
* * * LOW HITPOINT WARNING * * *
The orc misses you.
You spin and attack the orc.
You barely miss the orc. The orc hits you with a +0 falchion!
You die...

*,**#.####.####.................#
**,*,** #.# ##(..............>#
**,#### #.# #.#..............#
*,,..# #.# #.#..#..#..#..#..#
#,*#.# #.# ##+...............#
#.##.###.# ##...###############
#........###.....## *,*,,,*,,,*
####.######.......##*,#,**#**,*
#####...####....@o...##.#...#,,,*
.>.........+....o....').....#,***
###.....####.........##......,*
#.##.## ##.......##**##..#**
#.#### ##.....## **,# **#.#****
##...## *,* *,...,,,* ##+## **,*
*,#.#**,* *,* *,,* *,#.# *,* *,*
*,**


You could see 2 orcs.

Vanquished Creatures
  The ghost of Doot the Grasshopper, an amateur SpWr (D:3)
  An orc priest (D:2)
  A centaur skeleton (D:3)
  2 orc wizards (D:4)
  A worker ant zombie (D:3)
  6 adders
  2 oozes (D:3)
  An adder skeleton (D:3)
  An adder zombie (D:3)
  A worm (D:3)
  2 dart slugs
  3 leopard geckos
  5 orcs
  2 giant cockroaches (D:3)
  8 goblins
  9 hobgoblins
  A quokka (D:4)
  A ball python (D:2)
  12 bats
  5 frilled lizards
  5 kobolds
  5 rats
75 creatures vanquished.

Vanquished Creatures (others)
  5 toadstools (D:1)
5 creatures vanquished.

Grand Total: 80 creatures vanquished

Notes
Turn   | Place    | Note
-------+----------+-------------------------------------------
     0 | D:1      | Destapler the Human Monk began the quest for the Orb.
     0 | D:1      | Reached XP level 1. HP: 18/18 MP: 1/1
   409 | D:1      | Reached XP level 2. HP: 24/24 MP: 2/2
   717 | D:1      | Reached skill level 4 in Long Blades
   717 | D:1      | Reached XP level 3. HP: 27/29 MP: 3/3
  1580 | D:2      | Reached XP level 4. HP: 27/35 MP: 4/4
  2277 | D:2      | Reached skill level 5 in Long Blades
  2286 | D:2      | Reached XP level 5. HP: 17/41 MP: 5/5
  2600 | D:3      | Found a runed translucent gate.
  2600 | D:3      | Found a runed translucent gate.
  2601 | D:3      | Found a runed translucent gate.
  2603 | D:3      | Noticed Doot's ghost (amateur SpWr)
  3363 | D:3      | Reached skill level 1 in Shields
  3989 | D:3      | Gained mutation: You do not regenerate when monsters are
                  | visible. [potion of mutation]
  3989 | D:3      | Gained mutation: Your body sometimes deteriorates upon
                  | taking damage. [potion of mutation]
  3989 | D:3      | Gained mutation: You evolve. [potion of mutation]
  3989 | D:3      | Gained mutation: Your system is resistant to poisons.
                  | (rPois) [potion of mutation]
  4221 | D:3      | Reached XP level 6. HP: 10/47 MP: 6/6
  4813 | D:3      | Killed Doot's ghost
  5219 | D:4      | Found an ornate altar of the Wu Jian Council.
  5219 | D:4      | Found a burning altar of Makhleb.
  5252 | D:4      | Found a radiant altar of Vehumet.
  5263 | D:4      | Became a worshipper of the Wu Jian Council
  5263 | D:4      | Reached * piety under Wu Jian
  5263 | D:4      | Reached ** piety under Wu Jian
  5455 | D:4      | Found a staircase to the Ecumenical Temple.
  5671 | D:4      | Reached skill level 6 in Long Blades
  5689 | D:4      | HP: 2/48 [orc/+0 falchion (2)]
  5690 | D:4      | Mangled by an orc

Illustrated notes

Levels and vault maps discovered:
D:1:      elethiomel_arrival_infinity_welcomes_careful_drivers, layout_rooms,
          serial_corexii_hall, corexii_hall_statues_i, corexii_hall_statues_x,
          minmay_gold_behind_fungi, serial_bayou_ford_a, minmay_3d_cube
D:2:      layout_basic
D:3:      layout_loops_ring, first_ration, gammafunk_ghost_necromancy,
          minmay_box_of_dots
D:4:      layout_loops_corners, gammafunk_temple_overflow_forgotten,
          temple_hall, nicolae_alphabet_shops, uniq_sigmund

Skill      XL: |  1  2  3  4  5  6 |
---------------+-------------------+-----
Long Blades    | 4 5 6 |  6.0
Shields        | 1 2 |  2.3
Fighting       | |  3.9
Dodging        | |  3.0
Stealth        | |  2.0

Action                   |  1- 3 |  4- 6 || total
-------------------------+-------+-------++-------
Melee: Falchion          |    95 |   266 ||   361
Invok: Lunge             |       |     2 ||     2
       Whirlwind         |       |     2 ||     2
 Abil: Wall Jump         |       |     1 ||     1
  Use: Potion            |     2 |     5 ||     7
       Scroll            |       |     6 ||     6
 Stab: Sleeping          |     6 |     4 ||    10
       Distracted        |     1 |       ||     1
  Eat: Chunk             |     2 |     9 ||    11
       Ration            |       |     1 ||     1
Armor: Robe              |    24 |    27 ||    51
       Skin              |       |    20 ||    20
Dodge: Dodged            |    79 |   155 ||   234
       Rpst.: Falchion   |    23 |    52 ||    75
